 Dungeon Crawl Stone Soup version 0.29-a0-355-g7276a9ff7f (webtiles) character file.

Game seed: 11694012393041378821

749 Morbidden the Chopper (level 7, -7/55 HPs)
             Began as a Demonspawn Fighter on Apr 25, 2022.
             Was an Initiate of Cheibriados.
             Killed by divine providence
             ... invoked by an orc priest
              (9 damage)
             ... on level 5 of the Dungeon.
             The game lasted 00:05:52 (4611 turns).

Morbidden the Chopper (Demonspawn Fighter)          Turns: 4611, Time: 00:05:53

Health: -7/55      AC: 10    Str: 17 (19) XL:     7   Next: 48%
Magic:  18/18      EV:  7    Int: 11      God:    Cheibriados [......]
Gold:   237        SH:  5    Dex: 16 (19) Spells: 4/9 levels left

rFire   + . .      SeeInvis .   a - +0 war axe
rCold   . . .      Faith    .   c - +0 buckler
rNeg    + . .      Spirit   .   k - +0 chain mail
rPois   +          Reflect  .   (helmet restricted)
rElec   .          Harm     .   (no cloak)
rCorr   .          Rampage  .   v - +0 pair of gloves
Will    .....                   (no boots)
Stlth   ..........              (no amulet)
HPRegen 0.18/turn               q - ring "Yxahad" {rN+ MP+9}
MPRegen 0.16/turn               s - +6 ring of dexterity

@: very slow
A: hooves 1, powered by death 1, horns 1, fire resistance 1, poison resistance
a: Renounce Religion


You were on level 5 of the Dungeon.
You worshipped Cheibriados.
Cheibriados was noncommittal.
You visited 1 branch of the dungeon, and saw 5 of its levels.

You collected 237 gold pieces.

Inventory:

Hand Weapons
 a - a +0 war axe (weapon)
Missiles
 b - 3 boomerangs (quivered)
Armour
 c - a +0 buckler (worn)
 k - a +0 chain mail (worn)
 v - a +0 pair of gloves (worn)
Jewellery
 l - a ring of flight
 p - a ring of protection from cold
 q - the ring "Yxahad" (left hand) {rN+ MP+9}
   (You found it on level 2 of the Dungeon)

   [ring of magical power]

   rN:        It protects you from negative energy.
   MP:        It affects your magic capacity (+9).
 s - a +6 ring of dexterity (right hand)
 u - a ring of willpower
Scrolls
 e - 3 scrolls of vulnerability {unknown}
 f - 3 scrolls of teleportation
 h - a scroll of blinking {unknown}
 i - 2 scrolls of noise
 j - a scroll of enchant armour {unknown}
 n - a scroll of magic mapping
 o - 5 scrolls of identify
 x - a scroll of immolation {unknown}
Potions
 d - a potion of might


   Skills:
 * Level 4.3 Fighting
 * Level 5.3 Axes
 + Level 3.7 Armour
 * Level 1.9 Dodging
 + Level 3.1 Shields
 * Level 1.8 Spellcasting
 * Level 1.3 Translocations
 * Level 1.0 Invocations


You had 4 spell levels left.
You knew the following spells:

 Your Spells              Type           Power      Damage    Failure   Level
a - Manifold Assault      Tloc           3%         N/A       100%        5

Your spell library contained the following spells:

 Spells                   Type           Power      Damage    Failure   Level
 Shock                    Conj/Air       4%         1d3       99%         1
 Blink                    Tloc           6%         N/A       99%         2
 Lesser Beckoning         Tloc           3%         N/A       100%        3
 Summon Guardian Golem    Hex/Summ       1%         N/A       100%        3
 Swiftness                Air            1%         N/A       100%        3
 Airstrike                Air            0%         N/A       100%        4
 Orb of Destruction       Conj           0%         9d5       100%        7
 Spellforged Servitor     Conj/Summ      0%         N/A       100%        7


Dungeon Overview and Level Annotations

Branches:
Dungeon (5/15)
 Temple: D:4-7

Altars:
Cheibriados
Kikubaaqudgha

Shops:
D:2 =


Innate Abilities, Weirdness & Mutations

You have large cloven feet.
You regenerate a little health from kills.
You have a pair of small horns on your head.
Your flesh is heat resistant. (rF+)
Your system is resistant to poisons. (rPois)


Message History

You are too injured to fight recklessly!
Unknown command.
Okay, then.
You aren't carrying any items that you can evoke.
Unknown command.
Okay, then.
Okay, then.
Unknown command.
It was a potion of invisibility.
You fade into invisibility!
The orc priest casts a cantrip, but nothing happens.
The orc priest looks satisfied for a moment.
It was a potion of cancellation.
Your magical effects are unravelling.
You feel magically purged.
You flicker back into view.
The orc priest mumbles some strange prayers to Beogh against you.
Beogh smites you!
* * * LOW HITPOINT WARNING * * *
An orc comes into view. It is wielding a +0 whip.
The orc priest mumbles some strange prayers to Beogh against you.
Beogh smites you!
* * * LOW HITPOINT WARNING * * *
The orc wizard mumbles some strange words.
The orc wizard flickers and vanishes!
Deactivating autopickup; reactivate with Ctrl-A.
As you read the scroll labelled KOPPY XIKIASHE, it crumbles to dust.
You hear a loud clanging noise!
It was a scroll of noise.
You hear a shout!
You hear a bark! x2
The adder bites you.
* * * LOW HITPOINT WARNING * * *
Unknown command.
Okay, then.
As you read the scroll labelled HIGU ILAENTAYQ, it crumbles to dust.
You speak a Word of immense power!
It was a scroll of holy word.
The adder barely misses you.
The orc priest calls down the wrath of Beogh upon you.
Beogh smites you!
You die...

*,,,,,,,,,,,,,,,,,,,,*#..,,,,,
*,,,,,,..............*#..*,***
*,,,,,,......>....oo.##..####
**,,,,,,....(...............##
**,,,**,..#......o,,.........
********#.....{.****####.†..
#.....#** #.... #####..S..#
###....
#......@..########...###
#.###............<.###
*,**################
*,**≈≈≈≈,≈≈** *,*≈*******≈*
*,*≈**≈≈≈,*≈* *,*≈*≈***≈*≈*
*,*,*≈*∩*≈*,* *,*≈*≈*≈*≈*,*


You could see 2 orc priests, an adder and an orc.

Vanquished Creatures
  Menkaure (D:4)
  3 scorpions
  A hound (D:5)
  A gnoll shaman (D:4)
  An orc priest (D:4)
  Terence (D:3)
  2 iguanas
  3 orc wizards
  8 gnolls
  5 adders
  A shadow imp (D:5)
  4 dart slugs
  10 orcs
  3 bats
  5 endoplasms
  3 giant cockroaches
  3 goblins
  4 hobgoblins
  4 jackals (D:4)
  A quokka (D:3)
  4 ball pythons
  2 frilled lizards
  7 kobolds
  8 rats
85 creatures vanquished.

Notes
Turn   | Place    | Note
-------+----------+-------------------------------------------
     0 | D:1      | Morbidden the Demonspawn Fighter began the quest for the
                  | Orb.
     0 | D:1      | Reached XP level 1. HP: 18/18 MP: 1/1
   238 | D:1      | Reached skill level 2 in Axes
   327 | D:1      | Gained mutation: You regenerate a little health from kills.
                  | [demonic ancestry]
   327 | D:1      | Reached XP level 2. HP: 24/24 MP: 2/2
   648 | D:2      | Found Bubuyrad's Jewellery Shoppe.
   667 | D:2      | Found a faded altar of an unknown god.
   729 | D:2      | Reached XP level 3. HP: 29/29 MP: 3/3
  1060 | D:2      | Identified the ring "Yxahad" {rN+ MP+9}
  1492 | D:3      | Reached XP level 4. HP: 17/35 MP: 4/4
  1685 | D:3      | Noticed Terence
  1694 | D:3      | Killed Terence
  1695 | D:3      | Reached skill level 3 in Axes
  1695 | D:3      | Reached skill level 1 in Spellcasting
  1876 | D:3      | Noticed a scorpion
  1883 | D:3      | Killed a scorpion
  1884 | D:3      | Reached skill level 1 in Dodging
  1884 | D:3      | Reached XP level 5. HP: 29/41 MP: 6/6
  2385 | D:3      | Learned a level 5 spell: Manifold Assault
  2930 | D:4      | Noticed Menkaure
  2945 | D:4      | Killed Menkaure
  2946 | D:4      | Reached skill level 4 in Axes
  2946 | D:4      | Gained mutation: You have large cloven feet. [demonic
                  | ancestry]
  2946 | D:4      | Reached XP level 6. HP: 22/48 MP: 8/8
  3866 | D:4      | Found an ancient bone altar of Kikubaaqudgha.
  3912 | D:4      | Reached skill level 1 in Translocations
  4007 | D:4      | Found a snail-covered altar of Cheibriados.
  4014 | D:4      | Became a worshipper of Cheibriados the Contemplative
  4018 | D:4      | Reached XP level 7. HP: 42/54 MP: 9/9
  4031 | D:4      | HP: 3/81 [gnoll/+0 halberd (8)]
  4035 | D:4      | Gained mutation: You have a pair of small horns on your
                  | head. [potion of mutation]
  4035 | D:4      | Gained mutation: Your system is resistant to poisons.
                  | (rPois) [potion of mutation]
  4035 | D:4      | Gained mutation: Your flesh is heat resistant. (rF+)
                  | [potion of mutation]
  4037 | D:4      | Reached skill level 5 in Axes
  4545 | D:5      | Entered Level 5 of the Dungeon
  4587 | D:5      | Reached skill level 1 in Invocations
  4610 | D:5      | HP: 2/55 [adder (3)]
  4611 | D:5      | Killed from afar by an orc priest

Illustrated notes

Levels and vault maps discovered:
D:1:      saegor_arrival_simple_b, layout_rooms, serial_corexii_hall,
          chequers_hall_statues_y, chequers_hall_statues_wall_a,
          corexii_hall_statues_l
D:2:      layout_rooms, hellmonk_ecumenical_altar_lost_god, serial_shops, shop
D:3:      layout_loops_cross, uniq_terence
D:4:      layout_basic, mainiacjoe_overflow_24_doors,
          mainiacjoe_overflow_brackets, minmay_misc_feat_room, uniq_menkaure
D:5:      layout_rooms, mainiacjoe_overflow_concentric_impassable,
          gup_sewer_entry_spiral, gammafunk_ghost_nasty_kobolds, serial_rivers,
          chequers_serial_rivers_micro_b, chequers_serial_rivers_micro_c,
          chequers_serial_rivers_room_b, chequers_serial_rivers_micro_a,
          uniq_edmund

Skill      XL: |  1  2  3  4  5  6  7 |
---------------+----------------------+-----
Axes           | 2 3 4 5 |  5.3
Armour         | 3 |  3.7
Spellcasting   | 1 |  1.8
Dodging        | 1 |  1.9
Shields        | 3 |  3.1
Fighting       | 4 |  4.3
Translocations | 1 |  1.3
Invocations    | 1 |  1.0

Action                   |  1- 3 |  4- 6 |  7- 9 || total
-------------------------+-------+-------+-------++-------
Melee: War axe           |   102 |   127 |    38 ||   267
       Kick              |       |    10 |     8 ||    18
       Headbutt          |       |       |     4 ||     4
Throw: Boomerang         |       |     4 |       ||     4
  Use: Potion            |       |     2 |     9 ||    11
       Scroll            |       |     2 |     3 ||     5
Armor: Scale mail        |    37 |       |       ||    37
       Chain mail        |    31 |    82 |    18 ||   131
       Skin              |       |    12 |    26 ||    38
Dodge: Dodged            |    46 |    51 |    16 ||   113
Block: Buckler           |    24 |    34 |    23 ||    81

Table legend: (Time is in decaauts)
 A = Elapsed time spent in this place.
 B = Non-inter-level travel time spent in this place.
 C = Inter-level travel time spent in this place.
 D = Time resting spent in this place.
 E = Time spent auto-exploring this place.
 F = Levels seen in this place.
 G = Mean time per level.
                   A        B        C        D        E       F      G
               +--------+--------+--------+--------+--------+-----+--------+
         Total |   4792 |   4705 |     87 |   1114 |   2843 |   5 |  958.4 |
       Dungeon |   4792 |   4705 |     87 |   1114 |   2843 |   5 |  958.4 |
               +--------+--------+--------+--------+--------+-----+--------+

Top non-repeatable levels by time:
     D:4: 1881 daAuts
     D:3: 1582 daAuts
     D:1: 668 daAuts
     D:2: 577 daAuts
     D:5: 83 daAuts
